AoeStats
← ogipochi_

Black Forest

503739378Analyzed
4v4 RM · 1mo ago on Sep 2, 2026· 26m 17s· 8 players
Game mode
Random Map
Map size
Large (8 player)
Population
200
Speed
Normal
Resources
Standard
Victory
Conquest
Starting age
Dark Age
Ending age
Imperial Age
RankedLock teamsTeams togetherTeam positionsShared explorationLock speedFull tech treeHidden civsTurbo modeCheats
Victory
Defeat
🇺🇸 Japanese · United States
1011
+12
🇦🇷 Bohemians · Argentina
988
+13
🇨🇱 Teutons · Chile
961
+14
🇯🇵 Wei · Japan
883
+17
🇵🇪 Bohemians · Peru
948
-15
🇲🇽 Burgundians · Mexico
906
-14
🇨🇦 Khmer · Canada
905
-13
🇨🇴 Celts · Colombia
887
-13
(Quetzal)ODINset
2:51 Loom
6:44 Double-Bit Axe
12:20 Horse Collar
15:38 Feudal Age
15:57 Fishing Lines
18:26 Bow Saw
20:22 Castle Age
18:36 Heavy Plow
23:23 Two-Man Saw
sensticks
0:39 Loom
12:32 Feudal Age
14:20 Double-Bit Axe
14:17 Horse Collar
15:34 Wheelbarrow
20:11 Castle Age
20:16 Gold Mining
23:48 Bow Saw
23:35 Stone Mining
26:07 Gold Shaft Mining
Barbaricci
0:31 Loom
10:36 Feudal Age
11:05 Double-Bit Axe
11:13 Horse Collar
16:34 Castle Age
17:02 Stone Mining
17:15 Heavy Plow
24:04 Wheelbarrow
24:55 Bow Saw
ukt
13:24 Feudal Age
14:23 Double-Bit Axe
14:22 Horse Collar
20:39 Castle Age
21:48 Bow Saw
25:12 Fortified Wall
26:04 Chemistry
ogipochi_
0:49 Loom
14:35 Feudal Age
15:04 Double-Bit Axe
15:01 Horse Collar
15:13 Gold Mining
15:14 Stone Mining
16:27 Wheelbarrow
15:37 Town Watch
20:58 Forging
20:48 Scale Mail Armor
22:49 Castle Age
21:25 Scale Barding Armor
21:10 Fishing Lines
22:01 Bloodlines
26:02 Husbandry
26:20 Bow Saw
Spicy Meatball
8:23 Loom
11:47 Feudal Age
12:35 Double-Bit Axe
20:16 Castle Age
18:08 Horse Collar
18:31 Gold Mining
22:53 Bow Saw
22:44 Heavy Plow
28:29 Imperial Age
25:49 Pikeman
26:30 Squires
26:15 Gambesons
Black-HuLk
0:48 Loom
15:42 Feudal Age
17:57 Wheelbarrow
17:50 Double-Bit Axe
17:57 Horse Collar
20:21 Castle Age
19:25 Gold Mining
19:26 Stone Mining
19:20 Fishing Lines
21:37 Hand Cart
21:42 Bow Saw
ihhn0t
0:52 Loom
11:31 Feudal Age
12:36 Double-Bit Axe
14:15 Wheelbarrow
14:03 Fishing Lines
18:24 Castle Age
19:19 Bow Saw
21:16 Gillnets
26:28 Imperial Age
25:05 Wagenburg Tactics
26:09 Chemistry
25:36 Forging
25:28 Scale Mail Armor
26:05 Horse Collar
Connection lost

Rejoining the realm…

Still unreachable

The connection could not be restored.

Session expired

The server has moved on; the page needs a fresh start.